% Time on Ice - RENO LIONS
Lines # - Real PCT - Wanted PCT - Time Play
Normal Forward
1 - 34% - 35% - 15:39
2 - 31% - 35% - 14:22
3 - 19% - 20% - 8:46
4 - 16% - 10% - 7:20
Normal Defense
1 - 36% - 36% - 16:27
2 - 33% - 31% - 15:12
3 - 23% - 23% - 10:43
4 - 8% - 10% - 3:45
PP Forward
1 - 33% - 70% - 1:18
2 - 67% - 30% - 2:40
PP Defense
1 - 81% - 60% - 3:13
2 - 19% - 40% - 0:45
PK Forward
1 - 52% - 55% - 5:08
2 - 48% - 45% - 4:47
PK Defense
1 - 47% - 55% - 4:37
2 - 53% - 45% - 5:18
PK3 Forward
1 - 0% - 55%
2 - 0% - 45%
PK3 Defense
1 - 0% - 55%
2 - 0% - 45%
44 Forward
1 - 0% - 55%
2 - 0% - 45%
44 Defense
1 - 0% - 55%
2 - 0% - 45%
Last Minute Offensive  - 0:00
Last Minute Defensive  - 0:00
Total
Forward - 60:00
Defense - 60:00
% Time on Ice - SALEM BLACK JAYS
Lines # - Real PCT - Wanted PCT - Time Play
Normal Forward
1 - 33% - 33% - 15:01
2 - 32% - 32% - 14:34
3 - 24% - 25% - 10:41
4 - 11% - 10% - 5:10
Normal Defense
1 - 34% - 36% - 15:20
2 - 35% - 31% - 16:05
3 - 27% - 23% - 12:14
4 - 4% - 10% - 1:47
PP Forward
1 - 53% - 55% - 5:16
2 - 47% - 45% - 4:39
PP Defense
1 - 55% - 55% - 5:29
2 - 45% - 45% - 4:26
PK Forward
1 - 73% - 55% - 2:53
2 - 27% - 45% - 1:05
PK Defense
1 - 64% - 55% - 2:32
2 - 36% - 45% - 1:26
PK3 Forward
1 - 0% - 55%
2 - 0% - 45%
PK3 Defense
1 - 0% - 55%
2 - 0% - 45%
44 Forward
1 - 0% - 55%
2 - 0% - 45%
44 Defense
1 - 0% - 55%
2 - 0% - 45%
Last Minute Offensive  - 0:00
Last Minute Defensive  - 0:41
Total
Forward - 60:00
Defense - 60:00
Play-by-Play 1st period 0:01 of 1st period - Steven Stamkos wins face-off versus Mathew Barzal in neutral zone. 0:41 of 1st period - Kirill Kaprizov is hit by Nick Jensen and loses puck. 1:04 of 1st period - Icing by Cody Ceci. 1:05 of 1st period - Martin Necas wins face-off versus Derek Grant in SALEM BLACK JAYS zone. 1:05 of 1st period - Evgeny Dadonov is hit by Ilya Mikheyev and loses puck. 1:33 of 1st period - Shot by Evgeny Dadonov. 1:33 of 1st period - Shot Blocked by Cam Atkinson. 1:34 of 1st period - Minor Penalty to Mattias Samuelsson for Hooking. 1:35 of 1st period - Patrick Brown wins face-off versus Mathew Barzal in RENO LIONS zone. 2:06 of 1st period - Shot by Mikko Rantanen. 2:06 of 1st period - Shot Misses the Net. 2:25 of 1st period - Off-side. 2:26 of 1st period - Martin Necas wins face-off versus Cam Atkinson in neutral zone. 3:00 of 1st period - Icing by Mitchell Marner. 3:01 of 1st period - Patrick Brown wins face-off versus Martin Necas in SALEM BLACK JAYS zone. 3:01 of 1st period - Cam Atkinson is hit by Cody Ceci and loses puck. 3:05 of 1st period - Icing by Cody Ceci. 3:06 of 1st period - Patrick Brown wins face-off versus Martin Necas in SALEM BLACK JAYS zone. 3:07 of 1st period - Shot by Cam Atkinson. 3:07 of 1st period - Stopped by Juuse Saros without a rebound. 3:08 of 1st period - Patrick Brown wins face-off versus Mathew Barzal in SALEM BLACK JAYS zone. 3:42 of 1st period - Daniel Sprong is hit by Nikita Zadorov and loses puck. 3:54 of 1st period - Icing by Scott Mayfield. 3:55 of 1st period - Theodor Blueger wins face-off versus Derek Grant in SALEM BLACK JAYS zone. 4:50 of 1st period - Icing by Jacob Trouba. 4:51 of 1st period - Martin Necas wins face-off versus Patrick Brown in RENO LIONS zone. 5:12 of 1st period - Shot by Mitchell Marner. 5:12 of 1st period - Shot Blocked by Jacob Trouba. 5:14 of 1st period - Shot by Mitchell Marner. 5:14 of 1st period - Goal by Mitchell Marner - RENO LIONS : 0 - SALEM BLACK JAYS : 1. 5:15 of 1st period - Mathew Barzal wins face-off versus Laurent Dauphin in neutral zone. 5:52 of 1st period - Shot by Glenn Gawdin. 5:52 of 1st period - Deflect By Laurent Dauphin. 5:52 of 1st period - Stopped by Juuse Saros without a rebound. 5:53 of 1st period - Derek Grant wins face-off versus Martin Necas in SALEM BLACK JAYS zone. 6:08 of 1st period - Shot by Cam Atkinson. 6:08 of 1st period - Shot Misses the Net. 6:10 of 1st period - Shot by Ilya Mikheyev. 6:10 of 1st period - Shot Misses the Net. 6:12 of 1st period - Shot by Ilya Mikheyev. 6:12 of 1st period - Shot Misses the Net. 6:14 of 1st period - Shot by Ethan Bear. 6:14 of 1st period - Stopped by Juuse Saros without a rebound. 6:15 of 1st period - Steven Stamkos wins face-off versus Dylan Cozens in SALEM BLACK JAYS zone. 6:32 of 1st period - Shot by Kirill Kaprizov. 6:32 of 1st period - Stopped by Juuse Saros with a rebound. 6:38 of 1st period - Matt Benning is hit by Kirill Kaprizov and loses puck. 7:06 of 1st period - Shot by Mathew Barzal. 7:06 of 1st period - Shot Hit the Post. 7:37 of 1st period - Mathew Barzal is hit by Oliver Ekman-Larsson and loses puck. 7:41 of 1st period - Icing by Jacob Trouba. 7:42 of 1st period - Steven Stamkos wins face-off versus Martin Necas in RENO LIONS zone. 7:54 of 1st period - Shot by Evgeny Dadonov. 7:54 of 1st period - Stopped by Elvis Merzlikins with a rebound. 7:58 of 1st period - Shot by Evgeny Dadonov. 7:58 of 1st period - Stopped by Elvis Merzlikins with a rebound. 8:07 of 1st period - Minor Penalty to Jacob Trouba for Hooking. 8:08 of 1st period - Patrick Brown wins face-off versus Troy Terry in RENO LIONS zone. 8:08 of 1st period - Patrick Brown is hit by Mikko Rantanen. 9:35 of 1st period - Shot by Evgeny Dadonov. 9:35 of 1st period - Shot Misses the Net. 9:50 of 1st period - Icing by Martin Necas. 9:51 of 1st period - Martin Necas wins face-off versus Laurent Dauphin in SALEM BLACK JAYS zone. 10:26 of 1st period - Janne Kuokkanen is hit by Scott Mayfield. 11:16 of 1st period - Shot by Elias Pettersson. 11:16 of 1st period - Stopped by Juuse Saros without a rebound. 11:17 of 1st period - Mathew Barzal wins face-off versus Derek Grant in SALEM BLACK JAYS zone. 11:42 of 1st period - Shot by Cam Atkinson. 11:42 of 1st period - Stopped by Juuse Saros without a rebound. 11:43 of 1st period - Evgeny Dadonov wins face-off versus Andreas Johnsson in SALEM BLACK JAYS zone. 12:05 of 1st period - Shot by Evgeny Dadonov. 12:05 of 1st period - Shot Misses the Net. 12:07 of 1st period - Shot by Evgeny Dadonov. 12:07 of 1st period - Shot Misses the Net. 12:14 of 1st period - Icing by Mattias Samuelsson. 12:15 of 1st period - Mathew Barzal wins face-off versus Patrick Brown in RENO LIONS zone. 12:53 of 1st period - Off-side. 12:54 of 1st period - Steven Stamkos wins face-off versus Martin Necas in neutral zone. 13:13 of 1st period - Shot by Kirill Kaprizov. 13:13 of 1st period - Stopped by Juuse Saros with a rebound. 15:41 of 1st period - Icing by Andreas Johnsson. 15:42 of 1st period - Patrick Brown wins face-off versus Martin Necas in RENO LIONS zone. 16:55 of 1st period - Shot by Cam Atkinson. 16:55 of 1st period - Shot Misses the Net. 17:23 of 1st period - Shot by Cam Atkinson. 17:23 of 1st period - Shot Misses the Net. 17:37 of 1st period - Shot by Laurent Dauphin. 17:37 of 1st period - Shot Misses the Net. 18:01 of 1st period - Shot by Mathew Barzal. 18:01 of 1st period - Stopped by Elvis Merzlikins with a rebound. 18:03 of 1st period - Shot by Mathew Barzal. 18:03 of 1st period - Stopped by Elvis Merzlikins without a rebound. 18:04 of 1st period - Steven Stamkos wins face-off versus Theodor Blueger in RENO LIONS zone. 18:28 of 1st period - Minor Penalty to Michael Del Zotto for Hooking. 18:29 of 1st period - Elias Pettersson wins face-off versus Daniel Sprong in SALEM BLACK JAYS zone. 18:29 of 1st period - Cam Atkinson is hit by Joshua Morrissey. 18:51 of 1st period - Shot by Cam Atkinson. 18:51 of 1st period - Stopped by Juuse Saros without a rebound. 18:52 of 1st period - Theodor Blueger wins face-off versus Steven Stamkos in SALEM BLACK JAYS zone. 19:18 of 1st period - Shot by Kirill Kaprizov. 19:18 of 1st period - Shot Misses the Net. 19:28 of 1st period - Shot by Steven Stamkos. 19:28 of 1st period - Shot Misses the Net. 19:30 of 1st period - Shot by Mattias Samuelsson. 19:30 of 1st period - Shot Misses the Net. 19:32 of 1st period - Shot by Mattias Samuelsson. 19:32 of 1st period - Shot Misses the Net. 19:48 of 1st period - Shot by Cam Atkinson. 19:48 of 1st period - Stopped by Juuse Saros with a rebound. 19:54 of 1st period - Shot by Elias Pettersson. 19:54 of 1st period - Shot Hit the Post. 19:56 of 1st period - Shot by Jacob Trouba. 19:56 of 1st period - Shot Blocked by Joshua Morrissey. 19:58 of 1st period - Shot by Jacob Trouba. 19:58 of 1st period